 Dungeon Crawl Stone Soup version 0.24.0-29-g8ce449bc06 (webtiles) character file.

Game seed: 13733396865933491709, levelgen mode: deterministic

56 H0rd4k the Magician (level 3, 0/19 HPs)
             Began as a Deep Elf Wizard on Nov 16, 2019.
             Slain by a gnoll (6 damage)
             ... on level 3 of the Dungeon.
             The game lasted 00:04:34 (1821 turns).

H0rd4k the Magician (Deep Elf Wizard)               Turns: 1821, Time: 00:04:35

Health: 0/19       AC:  2    Str:  4    XL:     3   Next: 69%
Magic:  1/12       EV: 13    Int: 23    God:
Gold:   71         SH:  0    Dex: 13    Spells: 5/14 levels left

rFire    + . .     SeeInvis .   (no weapon)
rCold    x . .     Gourm    .   (no shield)
rNeg     . . .     Faith    .   a - +0 robe
rPois    .         Spirit   .   b - +0 hat
rElec    .         Reflect  .   (no cloak)
rCorr    .         Harm     .   (no gloves)
MR       .....                  (no boots)
Stlth    ++........             (no amulet)
HPRegen  0.06/turn              m - ring of fire
MPRegen  0.13/turn              (no ring)

@: very slightly contaminated
A: no striking features
a: no special abilities


You were on level 3 of the Dungeon.
You were not hungry.

You visited 1 branch of the dungeon, and saw 3 of its levels.

You collected 71 gold pieces.

Inventory:

Hand Weapons
 l - a +0 hunting sling of flaming
Missiles
 i - 15 poisoned darts (quivered)
Armour
 a - a +0 robe (worn)
 b - a +0 hat (worn)
Jewellery
 m - a ring of fire (left hand)
Scrolls
 e - 3 scrolls of identify {unknown}
 f - a scroll of teleportation {unknown}
 h - a scroll of fog {unknown}
 j - a scroll of remove curse {unknown}
 k - a scroll of fear {unknown}
Potions
 c - 2 potions of heal wounds {unknown}
 g - 2 potions of curing {unknown}
Comestibles
 d - 3 rations
 n - a chunk of flesh


   Skills:
 + Level 2.7 Dodging
 + Level 2.7 Stealth
 + Level 6.0 Spellcasting
 + Level 1.5 Conjurations
   Level 1.1 Summonings
 + Level 1.1 Translocations


You had 5 spell levels left.
You knew the following spells:

 Your Spells              Type           Power        Failure   Level  Hunger
a - Magic Dart            Conj           ##..         4%          1    None
b - Blink                 Tloc           N/A          9%          2    None
c - Conjure Flame         Conj/Fire      ###.....     19%         3    #......
d - Mephitic Cloud        Conj/Pois/Air  #.......     21%         3    #......

Your spell library contained the following spells:

 Spells                   Type           Power        Failure   Level  Hunger
 Call Imp                 Summ           ##......     9%          2    None
 Slow                     Hex            #.......     13%         2    None


Dungeon Overview and Level Annotations

Branches:
Dungeon (3/15)

Altars:

Annotations:
D:2 exclusion: upstairs


Message History

The magic dart hits the gnoll.
The gnoll is heavily wounded.
The gnoll misses you.
Casting: Magic Dart (safe; 4% risk of failure)
Confirm with . or Enter, or press ? or * to list all spells.
Aiming: Magic Dart (safe; 4% risk of failure)
Press: ? - help, Shift-Dir - straight line, f/p - gnoll
Aim: a gnoll (heavily wounded)
You miscast Magic Dart.
You are very lightly contaminated with residual magic.
Nothing appears to happen.
The gnoll hits you!
Casting: Magic Dart (safe; 4% risk of failure)
Confirm with . or Enter, or press ? or * to list all spells.
Aiming: Magic Dart (safe; 4% risk of failure)
Press: ? - help, Shift-Dir - straight line, f/p - gnoll
Aim: a gnoll (heavily wounded)
The magic dart hits the gnoll.
The gnoll is severely wounded.
The gnoll hits you.
You die...

#.# #.# #.# #.# #.# #.# #.# #.#
+# #.# #.# ... # ###.# #.###
.... ## ##.#.## #.#.## .....
.####.....########....####<.....
.'.............g@.......)'.$....
.####...########......####......
## ##..# #.....## ..... # ##.#
#.....# .... .#.. #.....# ... #
#.# ##.#### +# #.. #.# #. #.# .#


You could see a gnoll.

Vanquished Creatures
  An adder (D:2)
  2 oozes (D:1)
  A dart slug (D:2)
  An orc (D:3)
  4 bats
  5 goblins
  6 hobgoblins
  6 kobolds (D:1)
  2 frilled lizards
  4 rats (D:1)
32 creatures vanquished.

Notes
Turn   | Place    | Note
-------+----------+-------------------------------------------
     0 | D:1      | H0rd4k the Deep Elf Wizard began the quest for the Orb.
     0 | D:1      | Reached XP level 1. HP: 10/10 MP: 7/7
   201 | D:2      | Reached skill level 5 in Spellcasting
   299 | D:2      | Reached XP level 2. HP: 14/15 MP: 1/10
  1123 | D:1      | Reached XP level 3. HP: 19/19 MP: 2/12
  1127 | D:1      | Learned a level 2 spell: Blink
  1131 | D:1      | Learned a level 3 spell: Conjure Flame
  1135 | D:1      | Learned a level 3 spell: Mephitic Cloud
  1403 | D:1      | Reached skill level 6 in Spellcasting
  1821 | D:3      | Slain by a gnoll

Levels and vault maps discovered:
D:1:      dpeg_arrival_snail, layout_loops_ring
D:2:      layout_basic
D:3:      layout_loops_corners, first_ration, chequers_ecumenical_altar_simple

Skill      XL: |  1  2  3 |
---------------+----------+-----
Spellcasting   | 5 6 |  6.0
Dodging        | |  2.7
Stealth        | |  2.7
Conjurations   | |  1.5
Summonings     | |  1.1
Translocations | |  1.1

Action                   || total
-------------------------++-------
 Cast: Magic Dart        ||    98
  Eat: Chunk             ||     3
Armor: Robe              ||     2
Dodge: Dodged            ||    20
